 Dungeon Crawl Stone Soup version 0.29-a0-207-gf982a884d8 (webtiles) character file.

Game seed: 10201349552684919642

3276 freelancePsychic the Slinger (level 9, -4/129 HPs)
             Began as a Deep Dwarf Hunter on Feb 23, 2022.
             Was a Follower of Makhleb.
             Slain by a large abomination (22 damage)
             ... on level 1 of the Abyss.
             The game lasted 00:20:03 (6573 turns).

freelancePsychic the Slinger (Deep Dwarf Hunter)    Turns: 6573, Time: 00:20:04

Health: -4/129     AC: 24    Str: 19    XL:     9   Next: 68%
Magic:  9/9 (0)    EV:  2    Int: 11    God:    Makhleb [*.....]
Gold:   113        SH:  0    Dex: 13    Spells: 8/8 levels left

rFire   . . .      SeeInvis .   b - +0 war axe (vamp)
rCold   + . .      Faith    .   (no shield)
rNeg    . . .      Spirit   .   (body armour currently unavailable)
rPois   +          Reflect  .   (helmet currently unavailable)
rElec   +          Harm     .   (cloak currently unavailable)
rCorr   .          Rampage  .   (gloves currently unavailable)
Will    +....      NoTele   +   (boots currently unavailable)
Stlth   +.........              m - amulet of Xom's Capriciousness {Acrobat rElec rPois Int-2}
HPRegen 0.00/turn               e - ring of protection from cold
MPRegen 0.11/turn               q - ring of magical power

@: confused, mighty, tree-form
A: stationary, stasis, torment immunity, boosted hp, damage resistance, heal
wounds, sense surroundings 2, no regeneration
a: Heal Wounds, Renounce Religion


You were on level 1 of the Abyss.
You worshipped Makhleb.
Makhleb was aware of your devotion.
You were a tree.
You visited 2 branches of the dungeon, and saw 11 of its levels.
You visited the Abyss 1 time.

You collected 344 gold pieces.
You spent 231 gold pieces at shops.

Inventory:

Hand Weapons
 a - a +1 hunting sling
 b - a +0 vampiric war axe (weapon)
Missiles
 D - a boomerang
 E - 8 poisoned darts (quivered)
Armour
 h - a +0 cloak (melded)
 s - a +1 leather armour of fire resistance
 y - a +0 kite shield
 z - a +1 chain mail of fire resistance (melded)
 A - a +0 leather armour
Jewellery
 e - a ring of protection from cold (left branch)
 m - the amulet of Xom's Capriciousness (around neck) {Acrobat rElec rPois Int-2}
   (You acquired it on level 4 of the Dungeon)

   [amulet of the acrobat]

   It increases your evasion while moving and waiting.
   Int:       It affects your intelligence (-2).
   rElec:     It insulates you from electricity.
   rPois:     It protects you from poison.
 n - a ring of poison resistance
 q - a ring of magical power (right branch)
Wands
 j - a wand of mindburst (5)
Scrolls
 c - 2 scrolls of teleportation {@r4}
 g - 3 scrolls of fear
 i - 3 scrolls of blinking
 l - 2 scrolls of immolation
 p - 2 scrolls of magic mapping
 t - a scroll of fog
 x - a scroll of holy word
 B - 2 scrolls of amnesia
 C - a scroll of identify {@r1}
 F - a scroll of torment
Potions
 d - 3 potions of curing {@q1}
 f - 4 potions of lignification
 k - 2 potions of might
 o - 4 potions of heal wounds {unknown}
 r - 2 potions of mutation {unknown}
 u - 3 potions of cancellation {unknown}
 v - 2 potions of resistance {unknown}
 w - 2 potions of attraction {unknown}
 G - a potion of haste {unknown}


   Skills:
 + Level 7.1 Fighting
 + Level 8.0 Axes
 - Level 8.8 Slings
 - Level 2.3 Armour
 - Level 2.1 Dodging
 - Level 1.2 Stealth
 * Level 1.5 Invocations
 - Level 5.7 Evocations


You had 8 spell levels left.
You didn't know any spells.
Your spell library contained the following spells:

 Spells                   Type           Power      Damage    Failure   Level
 Sublimation of Blood     Necr           0%         N/A       47%         2
 Tukima's Dance           Hex            0%         N/A       71%         3
 Anguish                  Hex/Necr       0%         N/A       98%         4
 Petrify                  Tmut/Erth      0%         N/A       98%         4
 Irradiate                Conj/Tmut      0%         3d13      100%        5
 Enfeeble                 Hex            0%         N/A       100%        7


Dungeon Overview and Level Annotations

Branches:
Dungeon (10/15)            Temple (1/1) D:6
   Lair: D:8-11         Orc: D:9-12

Altars:
Ashenzari
Cheibriados
Dithmenos
Elyvilon
Fedhas
Gozag
Hepliaklqana
Kikubaaqudgha
Makhleb
Nemelex Xobeh
Okawaru
Qazlal
Ru
Sif Muna
Trog
Uskayaw
Vehumet
Wu Jian
Xom
Yredelemnul
The Shining One

Shops:
D:1 [   D:10 (

Annotations:
D:4 Edmund, Menkaure
D:8 Psyche


Innate Abilities, Weirdness & Mutations

You are a tree.
Your roots penetrate the ground, keeping you stationary.
You cannot be teleported.
You are immune to unholy pain and torment.
Your maximum health is greatly increased.
Your equipment is partially melded.
You are resistant to damage.
You can heal yourself by infusing magical energy.
You passively map the area around you.
You do not regenerate.


Message History

You resist with almost no effort.
The large abomination hits you but does no damage.
The golden eye blinks at you. You resist with almost no effort.
The golden eye blinks at you.
You are more confused.
You closely miss the large abomination.
The large abomination is moderately damaged.
The golden eye blinks at you.
You are more confused.
The golden eye blinks!
The golden eye blinks at you. You resist with some effort.
The large abomination hits you.
The golden eye blinks!
You slash the large abomination! The golden eye blinks at you.
You are more confused.
The large abomination hits you. The golden eye blinks at you.
You resist with almost no effort.
The golden eye blinks!
You nearly hit yourself!
The large abomination hits you!
The golden eye blinks!
You attack the crystal wall.
The golden eye turns its gaze towards you.
The large abomination hits you!!
* * * LOW HITPOINT WARNING * * *
The golden eye blinks!
You hear a howl!
You hit the large abomination.
The large abomination is severely damaged.
The golden eye blinks at you. You resist with almost no effort.
The golden eye blinks!
The large abomination hits you!
* * * LOW HITPOINT WARNING * * *
The golden eye blinks!
You nearly hit yourself!
The golden eye turns its gaze towards you.
The large abomination hits you but does no damage.
You hit the large abomination but do no damage.
You closely miss the golden eye. The large abomination hits you!!
You die...

....#..##....#
.... ## #G.# #
.# .##... # ..
#.#..... #.
#.#.#G. # #
..§# .##
#....#... .#
##.###X### . #
#..♣..# #...
#..#.#G#.# .
...# ## ..## #
. .. ....
.§##. ..# #
..# #..


You could see a large abomination and 3 golden eyes.

Vanquished Creatures
  Sigmund (D:4)
  A ynoxinul (Abyss:1)
  2 wyverns (D:7)
  7 yaks
  A golden eye (Abyss:1)
  A water moccasin (D:7)
  An orc warrior (D:5)
  4 ice beasts
  A necrophage (D:6)
  A bullfrog (D:4)
  A gnoll sergeant (D:7)
  A wyvern zombie (D:7)
  A scorpion (D:6)
  A killer bee (D:10)
  A bullfrog zombie (D:6)
  A hound (D:2)
  2 jellies
  7 orc priests
  4 bullfrog skeletons
  2 iguanas
  A centaur skeleton (D:6)
  4 orc wizards
  2 hound zombies (D:5)
  7 adders
  4 gnolls (D:7)
  A white imp (D:7)
  An ufetubus (Abyss:1)
  An adder skeleton (D:4)
  3 dart slugs
  28 orcs
  7 ball pythons
  10 endoplasms
  6 giant cockroaches
  9 goblins
  7 hobgoblins
  8 jackals
  6 quokkas
  5 bats
  5 frilled lizards
  6 kobolds
  3 rats
165 creatures vanquished.

Vanquished Creatures (others)
  A plant (D:4)
1 creature vanquished.

Grand Total: 166 creatures vanquished

Notes
Turn   | Place    | Note
-------+----------+-------------------------------------------
     0 | D:1      | freelancePsychic the Deep Dwarf Hunter began the quest for
                  | the Orb.
     0 | D:1      | Reached XP level 1. HP: 19/19 MP: 1/1
    29 | D:1      | Found Voniked's Armour Shop.
   234 | D:1      | Reached XP level 2. HP: 26/26 MP: 2/2
   308 | D:1      | Reached skill level 5 in Slings
   452 | D:1      | Reached XP level 3. HP: 25/32 MP: 3/3
  1028 | D:2      | Reached XP level 4. HP: 32/40 MP: 4/4
  1761 | D:3      | Found a faded altar of an unknown god.
  1820 | D:3      | Reached skill level 1 in Evocations
  1958 | D:4      | Reached XP level 5. HP: 48/48 MP: 5/5
  1973 | D:4      | Identified a scroll of acquirement
  1973 | D:4      | Acquired the amulet of Xom's Capriciousness {Acrobat rElec
                  | rPois Int-2}
  2350 | D:4      | Noticed Menkaure
  2773 | D:4      | Noticed Sigmund
  2792 | D:4      | Killed Sigmund
  2793 | D:4      | Reached XP level 6. HP: 51/56 MP: 5/5
  2828 | D:4      | Noticed Edmund
  2927 | D:5      | Entered Level 5 of the Dungeon
  3160 | D:5      | Noticed an orc warrior
  3250 | D:5      | Killed an orc warrior
  3251 | D:5      | Reached XP level 7. HP: 59/64 MP: 6/6
  3874 | D:6      | Reached skill level 5 in Evocations
  3874 | D:6      | Reached XP level 8. HP: 46/73 MP: 6/6
  4083 | D:6      | Found a staircase to the Ecumenical Temple.
  4088 | Temple   | Entered the Ecumenical Temple
  4189 | Temple   | Became a worshipper of Makhleb the Destroyer
  4257 | D:6      | Reached skill level 1 in Armour
  4327 | D:6      | Reached skill level 5 in Fighting
  4349 | D:6      | Reached skill level 1 in Invocations
  4821 | D:7      | Reached skill level 1 in Axes
  5115 | D:1      | Bought a +1 chain mail of fire resistance for 231 gold
                  | pieces
  5839 | D:7      | Gained mutation: You passively map the area around you.
                  | [Deep Dwarf growth]
  5839 | D:7      | Reached XP level 9. HP: 51/82 MP: 4/4
  5863 | D:7      | Reached skill level 5 in Axes
  6047 | D:7      | Reached * piety under Makhleb
  6135 | D:8      | You fall into a shaft and drop 2 floors!
  6135 | D:10     | Entered Level 10 of the Dungeon
  6202 | D:10     | Found Sigaj's Weapon Emporium.
  6274 | D:8      | Noticed Psyche
  6279 | D:8      | Cast into level 1 of the Abyss (Psyche)
  6543 | Abyss:1  | Noticed a large abomination
  6573 | Abyss:1  | Slain by a large abomination

Illustrated notes

Levels and vault maps discovered:
D:1:      scummos_arrival_simple_crosswalls, layout_loops_cross, serial_shops,
          nicolae_shop_waterfront, amethyst_killhole, serial_park_tiny_1,
          eino_curves_04, minmay_three_crescents
D:2:      layout_loops_ring, amcnicky_mini_corridor_feature
D:3:      cheibrodos_pilgrimage, layout_rooms,
          hellmonk_ecumenical_altar_inner_sanctum
D:4:      layout_basic, glass_columns_b, sigmund_edmund_badplayer,
          uniq_menkaure, uniq_sigmund
D:5:      layout_cave_pools, serial_glass, glass_columns_b, glass_columns_c
D:6:      layout_rooms, temple_doors_e, nicolae_lava_and_water
D:7:      layout_basic
D:8:      layout_rooms, serial_shops, shop_statue, minmay_circle_x, uniq_psyche
D:9:      layout_long_grid, zin_angel, serial_shops, nicolae_square_shop
D:10:     layout_roguey, serial_shops, shop, minmay_diced_spiral
Temple:   compressed_dpeg_circular_temple
Abyss:1:  base: D:7, hangedman_decor_points

Skill      XL: |  1  2  3  4  5  6  7  8  9 |
---------------+----------------------------+-----
Fighting       | 2 3 4 6 7 |  7.1
Slings         | 5 6 7 8 |  8.8
Evocations     | 1 3 5 |  5.7
Armour         | 2 |  2.3
Invocations    | 1 |  1.5
Axes           | 4 8 |  8.0
Dodging        | |  2.1
Stealth        | |  1.2

Action                   |  1- 3 |  4- 6 |  7- 9 || total
-------------------------+-------+-------+-------++-------
Melee: War axe           |       |       |   230 ||   230
       Punch             |       |       |     3 ||     3
 Fire: Hunting sling     |   147 |   216 |   233 ||   596
Throw: Boomerang         |       |       |     7 ||     7
       Dart              |       |       |     4 ||     4
 Abil: Heal Wounds       |     2 |     3 |    25 ||    30
Evoke: Wand              |       |     8 |    11 ||    19
  Use: Scroll            |     1 |     6 |     8 ||    15
       Potion            |       |       |     3 ||     3
Armor: Leather armour    |    18 |    29 |    49 ||    96
       Chain mail        |       |       |   105 ||   105
       Skin              |       |       |     4 ||     4
Dodge: Dodged            |    62 |    91 |   213 ||   366

Table legend: (Time is in decaauts)
 A = Elapsed time spent in this place.
 B = Non-inter-level travel time spent in this place.
 C = Inter-level travel time spent in this place.
 D = Time resting spent in this place.
 E = Time spent auto-exploring this place.
 F = Levels seen in this place.
 G = Mean time per level.
                   A        B        C        D        E       F      G
               +--------+--------+--------+--------+--------+-----+--------+
         Total |   6752 |   6042 |    710 |     67 |   3940 |  12 |  562.7 |
       Dungeon |   6326 |   5643 |    683 |      2 |   3817 |  10 |  632.6 |
        Temple |    129 |    102 |     27 |      0 |     33 |   1 |  129.0 |
         Abyss |    296 |    296 |      0 |     65 |     90 |   1 |  296.0 |
               +--------+--------+--------+--------+--------+-----+--------+

Top non-repeatable levels by time:
     D:4: 1217 daAuts
     D:7: 908 daAuts
     D:6: 854 daAuts
     D:1: 833 daAuts
     D:2: 824 daAuts
     D:5: 763 daAuts
     D:3: 697 daAuts
 Abyss:1: 296 daAuts
  Temple: 129 daAuts
    D:10: 96 daAuts
     D:8: 83 daAuts
     D:9: 45 daAuts
